 Dungeon Crawl Stone Soup version 0.32-a0-422-g28b100f (webtiles) character file.

Game seed: 3972969570265665774

16212 Nithhogg the Severer (level 12, -16/118 HPs)
             Began as a Mountain Dwarf Fighter on Feb 21, 2024.
             Was an Elder of Qazlal.
             Shot with a bolt by a naga sharpshooter (28 damage)
             ... on level 12 of the Dungeon.
             The game lasted 00:19:43 (13106 turns).

Nithhogg the Severer (Mountain Dwarf Fighter)      Turns: 13106, Time: 00:19:43

Health: -16/118    AC: 17    Str: 26    XL:     12   Next: 8%
Magic:  14/14      EV:  9    Int: 11    God:    Qazlal [****..]
Gold:   1343       SH: 10    Dex: 12    Spells: 11/11 levels left

rFire   . . .        a - +1 war axe
rCold   . . .        c - +0 buckler
rNeg    . . .        j - +8 chain mail {ponderous}
rPois   .            (no helmet)
rElec   .            (no cloak)
rCorr   .            (no gloves)
SInv    .            (no boots)
Will    +....        m - amulet of Worhenerr {Faith -Cast Str+4 Dex+3} Stlth
                     (no ring)
HPRegen 0.39/turn    (no ring)
MPRegen 0.14/turn

%: no spellcasting, repel missiles, faith
@: brilliant, on berserk cooldown, hasted and slowed, slow
A: runic magic, artefact enchanting
a: Renounce Religion, Upheaval, Elemental Force


You were on level 12 of the Dungeon.
You worshipped Qazlal.
Qazlal was greatly pleased with you.
You visited 2 branches of the dungeon, and saw 13 of its levels.
You also visited: Sewer.

You collected 2054 gold pieces.
You spent 711 gold pieces at shops.

Inventory:

Hand Weapons
 a - a +1 war axe (weapon)
 p - a +2 short sword of freezing
Missiles
 e - 20 poisoned darts (quivered)
 J - 3 throwing nets
Armour
 b - a +1 scale mail
 c - a +0 buckler (worn)
 h - a +0 plate armour
 j - a +8 chain mail of ponderousness (worn)
 v - the +1 ring mail of Going Fast {rF+ Int+4}
   (You found it on level 4 of the Dungeon)

   Int+4:     It affects your intelligence (+4).
   rF+:       It protects you from fire.
Jewellery
 f - a ring of ice
 m - the amulet of Worhenerr (around neck) {Faith -Cast Str+4 Dex+3}
   (You bought it in a shop on level 5 of the Dungeon)

   [amulet of faith]

   Faith:     It allows you to gain divine favour quickly.
   Str+4:     It affects your strength (+4).
   Dex+3:     It affects your dexterity (+3).
   -Cast:     It prevents spellcasting.
 n - a ring of wizardry
 r - an amulet of faith
 A - a ring of fire
 F - a ring of willpower
 N - the amulet of Elemental Vulnerability {rPois rF-- rC-- AC+8}
   (You found it on level 11 of the Dungeon)

   [amulet of nothing]

   AC+8:      It affects your AC (+8).
   rF--:      It makes you very vulnerable to fire.
   rC--:      It makes you very vulnerable to cold.
   rPois:     It protects you from poison
 O - a ring of resist corrosion
Wands
 E - a wand of flame (35)
 G - a wand of iceblast (7)
 K - a wand of light (10)
 M - a wand of charming (8)
Scrolls
 k - 2 scrolls of noise
 l - 8 scrolls of teleportation
 o - a scroll of poison
 u - a scroll of summoning
 w - a scroll of amnesia
 y - 2 scrolls of immolation
 C - 9 scrolls of identify
 D - 2 scrolls of vulnerability
Potions
 g - 4 potions of brilliance
 i - 2 potions of magic {unknown}
 q - 2 potions of mutation {unknown}
 s - 2 potions of degeneration {unknown}
 t - 2 potions of ambrosia {unknown}
 x - 2 potions of heal wounds {unknown}
 z - 4 potions of haste
 B - 3 potions of attraction
 H - a potion of resistance {unknown}
 I - 2 potions of lignification {unknown}
 L - 3 potions of curing {unknown}


   Skills:
 + Level 14.9 Fighting
 + Level 16.2 Axes
 + Level 4.5 Armour
 + Level 1.9 Dodging
 - Level 3.2 Shields
 + Level 3.5 Invocations


You had 11 spell levels left.
You didn't know any spells.
Your spell library contained the following spells:

 Spells                   Type           Power      Damage    Failure   Level
 Summon Small Mammal      Summ           0%         N/A       52%         1
 Ensorcelled Hibernation  Hex/Ice        0%         N/A       67%         2
 Jinxbite                 Hex            0%         N/A       67%         2
 Call Canine Familiar     Summ           0%         N/A       88%         3
 Dazzling Flash           Conj/Hex       0%         N/A       88%         3
 Inner Flame              Hex/Fire       0%         N/A       88%         3
 Mephitic Cloud           Conj/Alch/Air  0%         N/A       88%         3
 Passwall                 Erth           0%         N/A       88%         3
 Stone Arrow              Conj/Erth      0%         3d7       88%         3
 Swiftness                Air            0%         N/A       88%         3
 Animate Armour           Summ/Erth      0%         N/A       99%         4
 Flame Wave               Conj/Fire      0%         2d4       99%         4
 Sticky Flame             Fire/Alch      0%         2d4       99%         4
 Summon Blazeheart Golem  Fire/Summ      0%         N/A       99%         4
 Curse of Agony           Necr           0%         N/A       100%        5
 Silence                  Hex/Air        0%         N/A       100%        5
 Yara's Violent Unravell  Hex/Alch       0%         3d3       100%        5
 Enfeeble                 Hex            0%         N/A       100%        7
 Lehudib's Crystal Spear  Conj/Erth      0%         10d2      100%        8


Dungeon Overview and Level Annotations

Branches:
Dungeon (12/15)            Temple (1/1) D:6            Lair (0/5) D:10
    Orc (0/2) D:9           Sewer (visited)

Altars:
Ashenzari
Cheibriados
Dithmenos
Elyvilon
Fedhas
Gozag
Hepliaklqana
Kikubaaqudgha
Makhleb
Nemelex Xobeh
Okawaru
Qazlal
Ru
Sif Muna
Trog
Uskayaw
Vehumet
Wu Jian
Xom
Yredelemnul
Zin
The Shining One

Shops:
D:2 !   D:4 :   D:5 =?[   D:9 [

Annotations:
D:2 2 transporters
D:6 3 runed translucent doors, GeorgeSoros's ghost, novice CoWr; SuckSex's ghost, novice FeSh; yakattack's ghost, novice CoWr


Innate Abilities, Weirdness & Mutations

Your spellcasting is much less encumbered by armour.
You can use scrolls of enchantment on lesser artefacts.


Message History

You feel yourself slow down.
Okay, then.
The naga sharpshooter spits poison at you.
You block the splash of poison.
A raiju comes into view.
The naga sharpshooter unwields a +0 long sword.
The naga sharpshooter wields a +3 arbalest.
The naga sharpshooter casts a spell.
The naga sharpshooter magically shoots a bolt.
The bolt hits you!
The naga sharpshooter gestures wildly while chanting.
The naga sharpshooter magically shoots a bolt.
The bolt barely misses you.
You slice the raiju!!
The raiju is heavily wounded.
You hit the naga sharpshooter. The raiju bites you! The raiju shocks you!
The naga sharpshooter shoots a bolt.
You block the bolt.
You are too injured to fight recklessly!
You are too injured to fight recklessly!
You slash the raiju!
The raiju is almost dead.
You slash the naga sharpshooter! The raiju bites you but does no damage.
The naga sharpshooter shoots a bolt.
The bolt hits you!!
* * * LOW HITPOINT WARNING * * *
You hit the raiju.
The raiju is almost dead.
You slash the naga sharpshooter! The raiju bites you.
* * * LOW HITPOINT WARNING * * *
The raiju shocks you!
* * * LOW HITPOINT WARNING * * *
The naga sharpshooter casts a spell.
The naga sharpshooter magically shoots a bolt.
The bolt hits you!
* * * LOW HITPOINT WARNING * * *
It was a potion of haste.
You feel yourself speed up. The raiju bites you but does no damage.
The naga sharpshooter gestures wildly while chanting.
The naga sharpshooter magically shoots a bolt.
The bolt hits you!!
You die...

#..♣ .R #..♣
#..♣♣ ##...♣
#######....#
..<......###
.........#
.....°hN##
#######@#
#.## #..##
#♣♣ ##..##
###.♣♣
#...####....♣
#....##....##
#........###
#......).#
#....)<.##


You could see a naga sharpshooter and a raiju.

Vanquished Creatures
  3 centaur warriors (D:12)
  2 boulder beetles
  A dancing weapon (D:12)
  Sonja (D:11)
  An elephant (D:10)
  A komodo dragon (D:10)
  A troll (D:7)
  5 slime creatures (D:12)
  2 wraiths
  A shadow (D:12)
  A wyvern (D:9)
  A vampire (D:11)
  Eustachio (D:5)
  18 yaks
  An acid dragon (D:11)
  2 water moccasins
  2 orc warriors
  4 black bears
  2 ice beasts
  3 ogres
  3 centaurs
  3 phantoms
  A kobold brigand (D:9)
  3 weeping skulls (D:10)
  2 brain worms (Sewer)
  2 bullfrogs
  2 gnoll sergeants
  6 scorpions
  A water moccasin zombie (D:6)
  3 wyvern zombies (D:6)
  2 wights (D:10)
  3 bullfrog zombies (D:6)
  A human zombie (D:10)
  A jelly (D:7)
  2 bombardier beetles (D:5)
  5 hounds
  6 centaur zombies
  A bullfrog skeleton (D:6)
  2 centaur skeletons (D:6)
  2 gnoll boudas
  8 orc priests
  7 iguanas
  A sleepcap (D:5)
  Natasha (thrice) (D:2)
  16 orc wizards
  3 killer bee zombies (D:6)
  4 mummies (D:10)
  18 gnolls
  14 adders
  7 river rats
  3 dart slugs
  4 ribbon worms
  29 orcs
  7 endoplasms
  A giant cockroach (D:1)
  3 goblins
  A hobgoblin (D:4)
  3 jackals (D:5)
  11 kobolds
  5 quokkas
  3 ball pythons
  2 bats
  6 frilled lizards
  7 rats
270 creatures vanquished.

Vanquished Creatures (collateral kills)
  A two-headed ogre (D:8)
  A troll (D:5)
  A polar bear (D:12)
  An orc (D:4)
4 creatures vanquished.

Grand Total: 274 creatures vanquished

Notes
Turn   | Place    | Note
-------+----------+-------------------------------------------
     0 | D:1      | Nithhogg the Mountain Dwarf Fighter began the quest for the
                  | Orb.
     0 | D:1      | Reached XP level 1. HP: 19/19 MP: 1/1
    84 | D:1      | Reached skill level 3 in Axes
   121 | D:1      | Reached XP level 2. HP: 26/26 MP: 2/2
   374 | D:1      | Reached skill level 4 in Axes
   383 | D:1      | Reached XP level 3. HP: 31/31 MP: 3/3
   664 | D:2      | Found a transporter.
   664 | D:2      | Found Utielech's Distillery.
   753 | D:2      | Noticed Natasha
   765 | D:2      | Killed Natasha
   766 | D:2      | Reached XP level 4. HP: 14/40 MP: 4/4
  1132 | D:2      | Noticed Natasha
  1140 | D:2      | Killed Natasha
  1215 | D:2      | Found a transporter.
  1284 | D:2      | Noticed Natasha
  1294 | D:2      | Killed Natasha
  1295 | D:2      | Reached skill level 5 in Axes
  1464 | D:3      | Found a radiant altar of Vehumet.
  1584 | D:3      | Reached XP level 5. HP: 47/47 MP: 5/5
  1653 | D:3      | Found a faded altar of an unknown god.
  1724 | D:3      | Found an iron altar of Okawaru.
  1943 | D:3      | Noticed an ogre
  2186 | D:4      | Reached skill level 5 in Fighting
  2361 | D:4      | Identified the +1 ring mail of Going Fast {rF+ Int+4}
  2482 | D:4      | Reached skill level 6 in Axes
  2519 | D:4      | Found a glowing drain.
  2527 | Sewer    | Entered a sewer
  2537 | Sewer    | Reached XP level 6. HP: 56/56 MP: 6/6
  3169 | Sewer    | Reached skill level 7 in Axes
  3504 | D:4      | Reached XP level 7. HP: 12/64 MP: 7/7
  3700 | D:4      | Found Ugrit's Book Boutique.
  3773 | D:4      | Identified a scroll of acquirement
  3776 | D:4      | Acquired 1334 gold pieces
  3974 | D:5      | Entered Level 5 of the Dungeon
  4121 | D:6      | Reached skill level 8 in Axes
  4131 | D:5      | Found Opsimeffazxa's Magic Scroll Boutique.
  4131 | D:5      | Found Idoghyank's Jewellery Boutique.
  4133 | D:5      | Found Vitolace's Armour Boutique.
  4207 | D:5      | Bought the amulet of Worhenerr {Faith -Cast Str+4 Dex+3}
                  | for 711 gold pieces
  4396 | D:5      | Noticed Eustachio
  4412 | D:5      | Reached XP level 8. HP: 74/74 MP: 8/8
  4461 | D:5      | Killed Eustachio
  4462 | D:5      | Reached skill level 9 in Axes
  4781 | D:5      | Noticed a troll
  4822 | D:5      | Killed a troll
  4823 | D:5      | Reached skill level 10 in Axes
  5143 | D:6      | Reached XP level 9. HP: 84/84 MP: 9/9
  5280 | D:6      | Found a runed translucent gate.
  5280 | D:6      | Found a runed translucent gate.
  5280 | D:6      | Found a runed translucent gate.
  5285 | D:6      | Noticed GeorgeSoros's ghost (novice CoWr)
  5285 | D:6      | Noticed SuckSex's ghost (novice FeSh)
  5285 | D:6      | Noticed yakattack's ghost (novice CoWr)
  5301 | D:6      | Found a staircase to the Ecumenical Temple.
  5308 | Temple   | Entered the Ecumenical Temple
  5315 | Temple   | Became a worshipper of Qazlal Stormbringer
  5496 | D:6      | Reached skill level 10 in Fighting
  5496 | D:6      | Reached skill level 11 in Axes
  5971 | D:6      | Reached * piety under Qazlal
  6439 | D:6      | Found a sacrificial altar of Ru.
  6460 | D:6      | Found a glowing golden altar of the Shining One.
  6610 | D:6      | Reached skill level 12 in Axes
  7169 | D:7      | Noticed a troll
  7184 | D:7      | Killed a troll
  7400 | D:7      | Reached XP level 10. HP: 82/96 MP: 10/10
  8131 | D:8      | Noticed a two-headed ogre
  8389 | D:8      | Killed a two-headed ogre
  8562 | D:8      | Reached ** piety under Qazlal
  8567 | D:8      | Reached skill level 13 in Axes
  9212 | D:8      | Found a hazy altar of Hepliaklqana.
  9213 | D:8      | Found a shimmering altar of Xom.
  9245 | D:9      | Noticed a boulder beetle
  9260 | D:9      | Killed a boulder beetle
  9479 | D:9      | Found a staircase to the Orcish Mines.
 10049 | D:9      | Found Liufit's Antique Armour Emporium.
 10066 | D:10     | Entered Level 10 of the Dungeon
 10473 | D:10     | Reached skill level 14 in Axes
 10726 | D:10     | Reached *** piety under Qazlal
 10728 | D:10     | Reached XP level 11. HP: 102/107 MP: 11/11
 10917 | D:10     | Found a staircase to the Lair.
 11127 | D:10     | Found an ornate altar of the Wu Jian Council.
 11275 | D:10     | Reached skill level 15 in Axes
 11484 | D:10     | Found a basalt altar of Yredelemnul.
 11500 | D:10     | Reached **** piety under Qazlal
 11980 | D:11     | Noticed a boulder beetle
 12002 | D:11     | Killed a boulder beetle
 12072 | D:11     | Noticed Sonja
 12076 | D:11     | Killed Sonja
 12453 | D:11     | Found the amulet of Elemental Vulnerability {rPois rF--
                  | rC-- AC+8}
 12786 | D:12     | Reached skill level 1 in Invocations
 12791 | D:12     | Reached skill level 16 in Axes
 13007 | D:12     | Noticed a centaur warrior
 13011 | D:12     | Noticed a centaur warrior
 13016 | D:12     | Killed a centaur warrior
 13017 | D:12     | Reached skill level 1 in Dodging
 13017 | D:12     | Killed a centaur warrior
 13017 | D:12     | Noticed a centaur warrior
 13023 | D:12     | Killed a centaur warrior
 13024 | D:12     | Reached XP level 12. HP: 50/118 MP: 12/14
 13026 | D:12     | Noticed a rakshasa
 13106 | D:12     | Shot with a bolt by a naga sharpshooter

Illustrated notes

Levels and vault maps discovered:
D:1:      dpeg_arrival_tiny_b, layout_basic
D:2:      layout_rooms, serial_shops, nicolae_shop_drivethru, uniq_natasha
D:3:      layout_basic, lemuel_round_altar, nicolae_vehumet_altar_sigil,
          hellmonk_ecumenical_altar_zigzags
D:4:      layout_basic, serial_shops, shop, lightli_sewer_entry_pipes
D:5:      minmay_chambers_of_fours, layout_cave_pools,
          nicolae_shop_distant_corner_stores, uniq_eustachio
D:6:      layout_layer_cave, jmf_multi_god_temple2, temple_doors_ab,
          serial_undead, serial_undead_d, serial_undead_a, serial_undead_c,
          serial_undead_d, serial_undead_d, serial_undead_f,
          gammafunk_ghost_cemetery
D:7:      layout_basic, minmay_microvault
D:8:      layout_basic, regret_index_temple_of_mockery
D:9:      layout_basic, orc_0_dummy, serial_shops, nicolae_shop_behind_doors
D:10:     minmay_stone_box, layout_small_grid,
          lemuel_mausoleum_altar_yredelemnul, nzn_wu_jian_council_hall,
          grunt_lair_entry_orc_guard_hut, amethyst_killhole
D:11:     layout_roguey, uniq_sonja
D:12:     regret_index_nemelex_summoning_deck_glade, layout_cross,
          gammafunk_ghost_arena, portal_ice_cave_demonic_guard
Temple:   nicolae_temple_ecumenical_triangle

Skill      XL: |  1  2  3  4  5  6  7  8  9 10 11 |
---------------+----------------------------------+-----
Axes           | 3 4 5 6 7 8 10 12 14 16 | 16.2
Fighting       | 4 5 6 7 9 11 13 14 | 14.9
Invocations    | 3 |  3.5
Dodging        | 1 |  1.9
Armour         | 4 |  4.5
Shields        | |  3.2

Action                     |  1- 3 |  4- 6 |  7- 9 | 10-12 || total
---------------------------+-------+-------+-------+-------++-------
  Melee: War axe           |    76 |   179 |   380 |   398 ||  1033
  Throw: Dart              |       |       |       |    17 ||    17
    Use: Scroll            |       |     5 |     9 |     9 ||    23
         Potion            |       |     1 |       |     4 ||     5
 Armour: Scale mail        |    37 |   128 |     3 |       ||   168
         Chain mail        |       |       |   398 |   286 ||   684
  Dodge: Dodged            |    38 |    68 |   193 |    96 ||   395
         Repelled          |       |       |       |     1 ||     1
  Block: Buckler           |    11 |    30 |    97 |   115 ||   253

Table legend: (Time is in decaauts)
 A = Elapsed time spent in this place.
 B = Non-inter-level travel time spent in this place.
 C = Inter-level travel time spent in this place.
 D = Time resting spent in this place.
 E = Time spent auto-exploring this place.
 F = Levels seen in this place.
 G = Mean time per level.
                   A        B        C        D        E       F      G
               +--------+--------+--------+--------+--------+-----+--------+
         Total |  13711 |  13308 |    403 |   1571 |   9360 |  14 |  979.4 |
       Dungeon |  12889 |  12486 |    403 |   1338 |   8993 |  12 | 1074.1 |
        Temple |     16 |     16 |      0 |      0 |      0 |   1 |   16.0 |
         Sewer |    806 |    806 |      0 |    233 |    366 |   1 |  806.0 |
               +--------+--------+--------+--------+--------+-----+--------+

Top non-repeatable levels by time:
     D:6: 2044 daAuts
    D:10: 1444 daAuts
     D:7: 1267 daAuts
     D:9: 1214 daAuts
     D:4: 1118 daAuts
     D:8: 1071 daAuts
     D:5: 1064 daAuts
     D:2: 991 daAuts
    D:11: 987 daAuts
     D:3: 831 daAuts
   Sewer: 806 daAuts
     D:1: 501 daAuts
    D:12: 350 daAuts
  Temple: 16 daAuts
